Map: Pillars of Gold LE

Players

AqueroN

  • Race: Terran Terran
  • League: Grandmaster
  • Spawn Location: 1:00

AGOElazer (Elazer) - Winner!

  • Race: Zerg Zerg
  • Spawn Location: 7:00

Event: DreamHack SC2 Masters 2020 Winter

VOD

Have the link to the VOD?

Description

Time

  • Played on: Oct. 21, 2020, 12:48 p.m.
  • Length: 13:25

All games in this series

Show
View Real Time Build Order
Export as new Build Order

AqueroN Terran 

Build Orders: Reaper Expand 

Get SALT Encoding   

  12  0:00  SCV  
  13  0:12  SCV  
  14  0:17  Supply Depot  
  14  0:24  SCV  
  15  0:39  SCV  
  15  0:40  Barracks  
  16  0:45  Refinery  
  16  0:51  SCV  
  17  1:03  SCV  
  18  1:15  SCV  
  19  1:27  Orbital Command  
  19  1:28  Reaper  
  20  1:44  Command Center  
  20  1:55  SCV, Supply Depot  
  20  1:59  Marine  
  22  2:07  SCV  
  23  2:19  SCV, Factory  
  23  2:22  Barracks Reactor  
  24  2:31  SCV  
  25  2:43  Command Center  
  25  2:45  SCV  
  26  2:57  SCV, Orbital Command  
  27  3:07  Starport  
  27  3:10  Hellion  
  29  3:14  Hellion  
  29  3:16  SCV  
  29  3:19  Marine  
  33  3:23  SCV  
  34  3:28  SCV  
  34  3:33  Hellion  
  37  3:34  Refinery  
  37  3:35  Hellion  
  37  3:36  SCV  
  37  3:40  SCV  
  41  3:44  Viking  
  43  3:48  SCV  
  43  3:52  SCV  
  45  3:56  Orbital Command  
  45  3:57  Hellion  
  45  4:00  Hellion  
  45  4:01  SCV  
  50  4:04  SCV  
  51  4:11  Supply Depot  
  51  4:13  SCV  
  50  4:18  Hellion  
  50  4:21  Hellion  
  53  4:25  SCV x2  
  53  4:26  Liberator  
  53  4:28  SCV  
  59  4:38  SCV x2  
  59  4:39  Supply Depot  
  59  4:42  Barracks Tech Lab  
  61  4:53  Barracks  
  61  4:55  Barracks  
  61  4:56  Supply Depot  
  61  4:57  SCV x3  
  64  5:01  Marine  
  64  5:09  SCV x3  
  64  5:13  Stimpack, Factory Reactor  
  64  5:14  Starport Reactor  
  67  5:19  Engineering Bay  
  67  5:20  Supply Depot, Engineering Bay  
  67  5:21  SCV x2, Marine  
  70  5:31  Orbital Command  
  70  5:33  SCV x2  
  71  5:37  Barracks  
  71  5:38  Refinery, Barracks  
  71  5:39  Marine  
  71  5:42  Marine x2  
  71  5:46  SCV  
  72  5:50  Terran Infantry Weapons Level 1, Terran Infantry Armor Level 1  
  72  5:54  SCV  
  74  5:57  SCV, Marine  
  74  5:58  SCV, Factory Reactor  
  74  6:00  Missile Turret, Marine x2  
  74  6:02  Missile Turret  
  78  6:06  SCV, Marine x2  
  78  6:08  Missile Turret  
  78  6:09  SCV  
  78  6:10  SCV, Medivac  
  85  6:16  Marine  
  87  6:18  SCV, Supply Depot x2  
  87  6:20  Marine  
  87  6:21  SCV  
  87  6:30  Marine  
  87  6:31  Barracks Reactor x2, Supply Depot, Missile Turret, Marine x2  
  90  6:36  SCV x3  
  93  6:42  Supply Depot  
  93  6:44  Widow Mine x2  
  93  6:46  Supply Depot  
  97  6:47  Marine x2  
  97  6:48  Marine x2  
  97  6:49  Marine  
  97  6:50  SCV x2  
  101  6:56  Missile Turret  
  101  6:58  Combat Shield  
  101  7:00  SCV  
  102  7:02  SCV  
  102  7:05  Factory  
  103  7:10  Marine x2  
  103  7:11  Marine x7  
  103  7:15  Supply Depot  
  112  7:17  Armory  
  112  7:20  SCV  
  106  7:28  Marine x4  
  106  7:29  Marine x5  
  111  7:31  Widow Mine x2  
  111  7:38  SCV x3  
  113  7:46  Marine x3  
  113  7:50  SCV  
  111  7:52  Widow Mine x2  
  111  7:54  SCV x2, Factory Tech Lab  
  111  7:56  Marine x2  
  113  8:00  Refinery x3  
  113  8:02  SCV  
  114  8:06  Marine x6  
  114  8:07  Terran Infantry Armor Level 2  
  120  8:14  Widow Mine x2  
  120  8:15  Medivac  
  120  8:18  Command Center, Marine x2  
  120  8:19  Marine  
  129  8:20  Medivac  
  129  8:23  Marine x2  
  129  8:24  Widow Mine  
  135  8:30  Marine x3  
  135  8:33  Drilling Claws  
  139  8:40  Barracks Reactor, Barracks x2  
  138  8:45  Marine x3  
  138  8:47  Barracks  
  141  8:50  Medivac, Marine, Supply Depot  
  141  8:51  Supply Depot, Marine x3  
  141  8:52  SCV  
  141  8:53  SCV x2  
  141  8:55  Terran Infantry Weapons Level 2  
  150  9:03  Marine  
  150  9:09  SCV x3  
  150  9:11  Marine x2  
  150  9:14  Medivac  
  153  9:20  Thor  
  153  9:21  Widow Mine x2  
  163  9:33  Marine  
  163  9:34  Marine x6  
  163  9:37  Barracks Tech Lab x2  
  163  9:38  Barracks Tech Lab  
  170  9:42  Widow Mine x2  
  170  9:44  Medivac  
  176  9:47  Terran Vehicle And Ship Armor Level 1  
  176  9:48  Supply Depot  
  176  9:49  Supply Depot  
  170  9:54  Marine  
  170  9:58  Marine  
  170  9:59  SCV x2  
  165  10:01  Marine x3  
  165  10:03  Marine x2, Widow Mine  
  165  10:04  Widow Mine  
  165  10:06  Planetary Fortress  
  169  10:07  Marine  
  169  10:11  Marine  
  169  10:12  Marine  
  157  10:16  Marine  
  157  10:17  SCV x3  
  157  10:19  Marine  
  153  10:32  Widow Mine  
  153  10:33  Widow Mine, Thor  
  161  10:36  Marine  
  161  10:39  SCV x3  
  153  10:48  Marine  
  154  10:54  SCV x2  
  154  10:55  SCV  
  156  11:01  Marine  
  152  11:04  Marine x3  
  126  11:11  Marine x3  
  126  11:12  Marine x2  
  126  11:14  SCV  
  126  11:15  SCV x2  
  126  11:16  SCV  
  111  11:25  Medivac  
  111  11:26  Medivac  
  111  11:27  SCV x3  
  111  11:29  SCV  
  111  11:30  Marauder  
  121  11:33  Marine  
  121  11:34  Marine x7  
  121  11:39  SCV x2  
  129  11:40  Widow Mine  
  131  11:50  SCV x2  
  131  11:51  SCV  
  131  11:53  Marine x7  
  141  11:54  Marauder  
  141  11:58  Marine  
  141  12:00  Widow Mine  
  146  12:02  SCV x3  
  146  12:04  SCV  
  150  12:10  Marine  
  150  12:11  Marine  
  150  12:15  Marine x3  
  112  12:23  Marauder, Marine x2  
  112  12:24  Widow Mine  
  112  12:25  SCV  
  107  12:30  Marine  
  103  12:44  Marauder  
  103  12:46  Marine x5  
  103  12:47  Marine x2  
  103  12:50  Marauder  
  114  12:54  Widow Mine x2  
  118  13:04  Widow Mine, Marine x2  
  118  13:05  Marine  
Show
View Real Time Build Order
Export as new Build Order

AGOElazer Zerg - Winner!

Build Orders: Hatch First, Muta Ling Bane 

Get SALT Encoding   

  12  0:00  Drone  
  13  0:12  Overlord  
  13  0:17  Drone  
  14  0:30  Drone x2  
  16  0:50  Hatchery  
  16  0:53  Drone  
  16  0:56  Drone  
  17  1:02  Drone  
  18  1:15  Spawning Pool  
  17  1:19  Drone  
  17  1:21  Extractor  
  17  1:24  Drone  
  18  1:29  Drone  
  19  1:39  Drone  
  20  1:51  Drone  
  21  2:01  Queen  
  21  2:03  Queen  
  21  2:04  Zergling x2, Overlord  
  26  2:13  Zergling x2, Drone  
  28  2:21  Metabolic Boost  
  28  2:24  Drone x2  
  30  2:36  Drone x2  
  32  2:38  Queen  
  32  2:43  Queen  
  36  2:48  Overlord  
  36  2:54  Overlord  
  36  3:08  Drone x4  
  40  3:14  Drone x5  
  45  3:22  Drone x2  
  45  3:24  Drone  
  48  3:35  Drone  
  48  3:37  Hatchery  
  48  3:40  Lair  
  48  3:47  Drone, Extractor  
  48  3:48  Drone x2  
  50  3:51  Overlord  
  50  3:53  Drone x2  
  52  3:58  Extractor x2  
  52  3:59  Drone  
  52  4:00  Drone  
  52  4:08  Queen  
  54  4:11  Drone x4  
  54  4:16  Drone  
  59  4:20  Drone  
  59  4:24  Overlord  
  59  4:26  Drone  
  59  4:28  Baneling Nest  
  59  4:31  Overlord, Drone  
  60  4:40  Spire  
  60  4:41  Zergling x2  
  60  4:44  Overlord  
  60  4:49  Zergling x14  
  60  4:51  Overseer  
  67  4:58  Overlord  
  67  5:06  Queen  
  68  5:08  Zergling x6  
  68  5:09  Zergling x2  
  68  5:12  Overlord, Centrifical Hooks  
  71  5:18  Drone x4  
  75  5:24  Overlord  
  75  5:31  Drone x6  
  80  5:36  Overlord  
  80  5:41  Overlord  
  80  5:43  Extractor  
  80  5:45  Extractor  
  78  5:52  Mutalisk x5  
  78  5:56  Mutalisk  
  78  5:57  Mutalisk  
  92  6:04  Mutalisk  
  92  6:06  Drone x6  
  100  6:11  Evolution Chamber  
  100  6:13  Drone x2  
  100  6:18  Overlord, Evolution Chamber  
  100  6:26  Overlord  
  100  6:33  Drone x3  
  100  6:36  Hatchery, Drone x2  
  100  6:37  Drone  
  105  6:40  Overlord  
  105  6:49  Zerg Flyer Weapons Level 1  
  105  6:50  Zerg Melee Weapons Level 1, Zerg Ground Armor Level 1  
  105  6:52  Baneling x4  
  105  6:56  Zergling x10  
  105  6:58  Baneling x3  
  105  6:59  Baneling  
  109  7:05  Baneling  
  109  7:06  Baneling x6  
  109  7:10  Zergling x12  
  109  7:12  Overlord  
  109  7:15  Zergling x6  
  118  7:24  Overlord  
  118  7:27  Zergling x16  
  126  7:38  Overlord  
  126  7:40  Overlord  
  126  7:41  Drone x3  
  125  7:46  Drone x4  
  125  7:49  Drone  
  121  7:54  Drone x5  
  124  8:01  Burrow  
  124  8:03  Drone x2  
  124  8:04  Drone  
  127  8:07  Pneumatized Carapace  
  127  8:08  Overseer  
  127  8:09  Mutalisk x2, Overseer  
  131  8:16  Mutalisk  
  131  8:17  Mutalisk x5  
  143  8:21  Overlord  
  142  8:30  Mutalisk x4  
  150  8:36  Overlord  
  150  8:44  Mutalisk x3  
  156  8:49  Drone x5, Extractor  
  156  8:50  Drone  
  156  8:54  Zergling x4  
  156  8:55  Zergling x4, Hatchery  
  165  8:59  Zerg Flyer Weapons Level 2  
  165  9:01  Overlord  
  164  9:09  Zerg Ground Armor Level 2  
  163  9:12  Drone x3, Extractor  
  163  9:15  Drone x4  
  168  9:18  Zergling x10  
  168  9:24  Zerg Melee Weapons Level 2  
  173  9:28  Zergling x2  
  173  9:29  Zergling x16  
  180  9:36  Baneling  
  180  9:37  Baneling x9  
  180  9:42  Zergling x14  
  180  9:43  Infestation Pit  
  186  9:59  Zergling x14  
  191  10:05  Zergling x6  
  191  10:06  Baneling x11  
  190  10:12  Baneling x8  
  190  10:13  Zergling x18  
  197  10:23  Zergling x6  
  199  10:29  Overlord  
  193  10:36  Queen  
  193  10:39  Drone x5  
  198  10:50  Drone  
  198  10:52  Hive  
  198  10:54  Drone x2  
  198  10:55  Drone x2  
  188  11:12  Queen  
  188  11:14  Zergling x18  
  188  11:15  Zergling x8  
  186  11:19  Mutalisk x6  
  198  11:45  Baneling x5  
  193  12:02  Overseer  
  188  12:09  Drone x5  
  160  12:15  Zergling x20  
  160  12:16  Zergling x12  
  160  12:18  Hatchery  
  150  12:24  Mutalisk x13  
  150  12:25  Mutalisk  
  165  12:37  Drone x5  
  165  12:44  Baneling x23  
  158  12:45  Zergling x10  
  158  12:46  Zergling x10  
  168  12:54  Baneling x7  
  168  12:56  Zergling x16  
  176  13:02  Zergling x10  
Tags
 
Add a new tag
Caveats
  • Supply blocks, unpowered buildings, or Contaminate may cause inaccurate times.
  • Supply counts are checked every 10 seconds.